 Dungeon Crawl Stone Soup version 0.27-a0-522-g46bbb28828 (webtiles) character file.

Game seed: 337558425190782545

42 Frqise the Chopper (level 3, 0/51 HPs)
             Began as a Hill Orc Berserker on Mar 5, 2021.
             Was a Follower of Trog.
             Slain by a goblin
             ... wielding a +0 dagger
              (4 damage)
             ... on level 2 of the Dungeon.
             The game lasted 00:02:08 (1792 turns).

Frqise the Chopper (Hill Orc Berserker)             Turns: 1792, Time: 00:02:09

Health: 0/51       AC:  2    Str: 20    XL:     3   Next: 56%
Magic:  3/3        EV: 12    Int:  7    God:    Trog [*.....]
Gold:   47         SH:  0    Dex: 10    Spells: 2/2 levels left

rFire    . . .     SeeInvis .   a - +0 hand axe
rCold    . . .     Faith    .   (no shield)
rNeg     + . .     Spirit   .   b - +0 animal skin
rPois    .         Reflect  .   (no helmet)
rElec    .         Harm     .   (no cloak)
rCorr    .         Rampage  .   (no gloves)
Will     .....                  (no boots)
Stlth    ..........             (no amulet)
HPRegen  0.17/turn              j - ring of positive energy
MPRegen  0.08/turn              (no ring)

@: berserking, very quick
A: no striking features
a: Renounce Religion, Berserk


You were on level 2 of the Dungeon.
You worshipped Trog.
Trog was aware of your devotion.
You visited 1 branch of the dungeon, and saw 2 of its levels.

You collected 47 gold pieces.

Inventory:

Hand Weapons
 a - a +0 hand axe (weapon)
Armour
 b - a +0 animal skin (worn)
Jewellery
 j - a ring of positive energy (left hand)
Scrolls
 d - a scroll of blinking
 e - a scroll of fog
 l - a scroll of teleportation {unknown}
Potions
 c - 2 potions of attraction {unknown}
 f - a potion of haste {unknown}
 g - 2 potions of flight {unknown}
 k - a potion of might {unknown}


   Skills:
 + Level 4.4 Fighting
 + Level 4.8 Axes
 + Level 2.2 Armour
 + Level 2.0 Dodging


You had 2 spell levels left.
You didn't know any spells.
Your spell library was empty.

Dungeon Overview and Level Annotations

Branches:
Dungeon (2/15)

Altars:


Message History

You hit the kobold.
The kobold is heavily wounded.
You hit the worm. The kobold hits you. The worm bites you!
You barely miss the kobold.
The kobold is moderately wounded.
You hit the goblin but do no damage. You hit the worm but do no damage.
The kobold hits you. The goblin hits you.
A goblin comes into view. It is wielding a +0 dagger.
You closely miss the kobold.
The kobold is moderately wounded.
You hit the worm. You barely miss the goblin. The goblin hits you.
The kobold closely misses you. The worm bites you!
* * * LOW HITPOINT WARNING * * *
You barely miss the kobold.
The kobold is moderately wounded.
You hit the goblin. You hit the worm. The goblin hits you.
* * * LOW HITPOINT WARNING * * *
The kobold misses you. The worm bites you.
* * * LOW HITPOINT WARNING * * *
The kobold barely misses you. The goblin hits you but does no damage.
A red film seems to cover your vision as you go berserk!
You feel yourself moving faster!
You feel mighty!
A bat comes into view.
The kobold closely misses you. The goblin closely misses you.
The bat moves out of view.
You barely miss the kobold.
The kobold is moderately wounded.
You barely miss the goblin. You slash the worm!
You kill the worm!
Trog accepts your kill.
You slash the kobold!
You kill the kobold!
Trog accepts your kill.
You barely miss the goblin. The goblin barely misses you.
You slash the goblin!
You kill the goblin!
Trog accepts your kill.
Your Dodging skill increases to level 2!
You closely miss the goblin. The goblin hits you with a +0 dagger.
You die...

#####.#####'#####
.. ...#............
#.###.#######.#####
..#...........#
#.#.#.#########
#.#.#.# # #.#.#.#
#.#..#†#...#
#.....g@####
........# ........#
........# ######>##
.. .# #.


You could see a goblin.

Vanquished Creatures
  An ooze (D:1)
  A worm (D:2)
  2 dart slugs (D:1)
  4 hobgoblins
  3 jackals (D:1)
  A bat (D:1)
  A frilled lizard (D:1)
  9 goblins
  3 kobolds
  5 rats (D:1)
30 creatures vanquished.

Notes
Turn   | Place    | Note
-------+----------+-------------------------------------------
     0 | D:1      | Frqise the Hill Orc Berserker began the quest for the Orb.
     0 | D:1      | Reached XP level 1. HP: 19/19 MP: 1/1
   416 | D:1      | Reached XP level 2. HP: 26/27 MP: 2/2
   984 | D:1      | Reached XP level 3. HP: 30/33 MP: 3/3
  1792 | D:2      | Slain by a goblin

Illustrated notes

Levels and vault maps discovered:
D:1:      beargit_arrival_greenhouse, layout_loops_cross, minmay_pentomino_w2
D:2:      layout_basic, overflow_temple_1_default, hangedman_decor_push,
          kennysheep_doodads, hex_tiny, chequers_decorated_corner

Skill      XL: |  1  2  3 |
---------------+----------+-----
Fighting       | 4 |  4.4
Dodging        | 2 |  2.0
Axes           | |  4.8
Armour         | |  2.2

Action                   || total
-------------------------++-------
Melee: Hand axe          ||    83
Invok: Berserk           ||     1
  Use: Scroll            ||     4
Armor: Animal skin       ||     8
Dodge: Dodged            ||    56

Table legend: (Time is in decaauts)
 A = Elapsed time spent in this place.
 B = Non-inter-level travel time spent in this place.
 C = Inter-level travel time spent in this place.
 D = Time resting spent in this place.
 E = Time spent auto-exploring this place.
 F = Levels seen in this place.
 G = Mean time per level.
                   A        B        C        D        E       F      G
               +--------+--------+--------+--------+--------+-----+--------+
         Total |   1796 |   1796 |      0 |    100 |   1407 |   2 |  898.0 |
       Dungeon |   1796 |   1796 |      0 |    100 |   1407 |   2 |  898.0 |
               +--------+--------+--------+--------+--------+-----+--------+

Top non-repeatable levels by time:
     D:1: 1515 daAuts
     D:2: 280 daAuts
